 Dungeon Crawl Stone Soup version 0.27-a0-1180-g7fc4abc71e (webtiles) character file.

Game seed: 7936477904898590000

4843 exoticbruise the Nimble (level 10, 0/73 HPs)
             Began as an Octopode Delver on May 17, 2021.
             Was a Priest of Uskayaw.
             Killed by vampiric draining
             ... invoked by a vampire
              (2 damage)
             ... on level 8 of the Dungeon.
             The game lasted 00:16:36 (12357 turns).

exoticbruise the Nimble (Octopode Delver)          Turns: 12357, Time: 00:16:37

Health: 0/73       AC:  1    Str: 12    XL:     10   Next: 49%
Magic:  0/13       EV: 22    Int: 25    God:    Uskayaw [***...]
Gold:   409        SH:  0    Dex: 16    Spells: 6/13 levels left

rFire    . . .     SeeInvis .   v - +1 flail (venom)
rCold    . . .     Faith    .   (no shield)
rNeg     . . .     Spirit   +   (helmet restricted)
rPois    .         Reflect  .   h - amulet of guardian spirit
rElec    .         Harm     .   C - +6 ring of intelligence
rCorr    .         Rampage  .   w - ring of flight
Will     ++...                  F - +6 ring of intelligence
Stlth    ++++......             J - ring of willpower
HPRegen  0.22/turn              O - ring of Jynal {Will+ EV+4}
MPRegen  0.13/turn              (no ring)
                                (no ring)
                                (no ring)

@: flying
A: almost no armour, amphibious, 8 rings, camouflage 1, gelatinous body 1,
(nimble swimmer 1), tentacles
a: Renounce Religion, Stomp, Line Pass


You were on level 8 of the Dungeon.
You worshipped Uskayaw.
Uskayaw was noncommittal.
You visited 2 branches of the dungeon, and saw 10 of its levels.

You collected 499 gold pieces.
You spent 90 gold pieces at shops.

Inventory:

Hand Weapons
 a - a +0 short sword
 i - a +0 dagger
 l - a +0 battleaxe
 p - a +0 trident
 r - a +4 spectral club
 v - a +1 flail of venom (weapon)
 x - a +1 hunting sling of freezing
 B - a +0 whip of electrocution
 D - a +1 dagger of venom
 E - a +0 whip of flaming
 L - a +0 morningstar
 N - a +2 whip of venom
 P - a +3 war axe
 R - a +0 vampiric whip
Missiles
 g - 177 arrows
 k - a throwing net (quivered) {!f}
 m - 307 stones
 o - 59 poisoned darts
 q - 59 sling bullets
 M - 8 javelins
 S - 2 boomerangs of dispersal
Jewellery
 h - an amulet of guardian spirit (around mantle)
 w - a ring of flight (right tentacle)
 C - a +6 ring of intelligence (left tentacle)
 F - a +6 ring of intelligence (on tentacle)
 J - a ring of willpower (on tentacle)
 O - the ring of Jynal (on tentacle) {Will+ EV+4}
   (You found it on level 7 of the Dungeon)

   [ring of evasion]

   It affects your evasion (+4).
   It increases your willpower.
Wands
 f - a wand of digging (6) {@v3}
Scrolls
 b - a scroll of fog
 d - 4 scrolls of teleportation {@r3}
 j - a scroll of immolation
 s - a scroll of torment {unknown}
 u - 3 scrolls of enchant armour {unknown}
 y - a scroll of amnesia
 G - 2 scrolls of vulnerability
 H - a scroll of enchant weapon
 I - 2 scrolls of noise
Potions
 c - a potion of lignification {unknown}
 e - 2 potions of haste {@q4}
 n - a potion of berserk rage {unknown}
 t - 5 potions of curing {@q1}
 z - a potion of magic
 A - 2 potions of flight {unknown}
 K - 2 potions of mutation {unknown}


   Skills:
 - Level 8.4 Fighting
 - Level 2.0 Short Blades
 * Level 7.6 Maces & Flails
 + Level 9.5 Dodging
 - Level 6.6 Stealth
 + Level 2.3 Spellcasting
 - Level 2.0 Necromancy
 - Level 3.0 Invocations
 * Level 0.0 Evocations


You had 6 spell levels left.
You knew the following spells:

 Your Spells              Type           Power      Damage    Failure   Level
a - Animate Skeleton      Necr           24%        N/A       4%          1
b - Call Canine Familiar  Summ           2%         N/A       32%         3
c - Vampiric Draining     Necr           6%         2d6       14%         3

Your spell library contained the following spells:

 Spells                   Type           Power      Damage    Failure   Level
 Pain                     Necr           48%        1d6       4%          1
 Foxfire                  Conj/Fire      8%         2x1d4     11%         1
 Summon Small Mammal      Summ           8%         N/A       11%         1
 Call Imp                 Summ           2%         N/A       16%         2
 Conjure Flame            Conj/Fire      2%         6-21      32%         3
 Inner Flame              Hex/Fire       2%         N/A       32%         3
 Summon Guardian Golem    Hex/Summ       2%         N/A       32%         3
 Animate Dead             Necr           6%         N/A       43%         4
 Sticky Flame             Conj/Fire      2%         2d3       71%         4
 Summon Ice Beast         Ice/Summ       2%         N/A       71%         4
 Summon Lightning Spire   Summ/Air       2%         N/A       71%         4
 Agony                    Necr           12%        N/A       78%         5
 Fireball                 Conj/Fire      1%         3d3       96%         5


Dungeon Overview and Level Annotations

Branches:
Dungeon (9/15)             Temple (1/1) D:6            Lair (0/6) D:8
    Orc: D:9-12

Altars:
Uskayaw
Vehumet
Zin
The Shining One
Beogh

Annotations:
D:3 2 runed translucent doors, kuniqs's ghost, amateur DsCj
D:6 2 transporters


Innate Abilities, Weirdness & Mutations

You cannot wear most types of armour.
You are amphibious.
You can wear up to eight rings at the same time.
Your skin changes colour to match your surroundings (Stealth+).
Your rubbery body absorbs attacks. (AC +1, EV +1)
((You are camouflaged near water. (Stealth+)))
You have tentacles for arms and can constrict up to eight enemies at once.


Message History

The iceblast engulfs you!
You constrict something.
You hear a shout!
You hear a howl!
Something hits you. Something closely misses you.
Aiming: Iceblast The mass of ice explodes!
The iceblast engulfs something.
You constrict something.
You hear an angry buzzing noise.
You hear a shout!
Something draws life force from you!!
* * * LOW HITPOINT WARNING * * *
Aiming: Iceblast The mass of ice explodes!
The iceblast engulfs something.
You constrict something.
You hear an angry buzzing noise.
You hear a shout!
Something closely misses you. Something bites you.
* * * LOW HITPOINT WARNING * * *
Something draws strength from your injuries!
Uskayaw will force your foes to helplessly watch your dance.
Uskayaw prepares the audience for your solo!
Aiming: Iceblast The mass of ice explodes!
The iceblast engulfs something.
The now-empty wand crumbles to dust.
You constrict something.
You hear an angry buzzing noise. x3; You hear an angry hiss.
A centaur comes into view.
A howler monkey zombie comes into view.
Something closely misses you. Something barely misses you.
Okay, then.
Okay, then.
You release your grip on something.
Something hits you!
* * * LOW HITPOINT WARNING * * *
Something bites you.
* * * LOW HITPOINT WARNING * * *
Something draws strength from your injuries!
The centaur wields a +0 shortbow.
The centaur shoots an arrow.
The arrow misses you.
You fly upwards.
Reactivating autopickup.
There is a stone staircase leading down here.
Magic courses through your body.
Deactivating autopickup; reactivate with Ctrl-A.
Something draws life force from you!
You die...

...........P............#........
...P.P....P.....P.##..########...
........>....P....##..###...##...
.P..P.P.......P.P.#..........#..#
.....P...P.P......#..........#..#
..P..........P....##..########...
....P....P.P......######....##...
......P.....P.P...#..........#...
...P....P.P....#@.##.........#...
##.....P.......#..##..###########
..#...P.....P.....##..##.........
..#.P..P..P............#.........
###.........####'###...#.........
#######............#...'.........
......#............#...#.........
......#......>.....###'#........#
......#............#...#........#


There were no monsters in sight!

Vanquished Creatures
  Pikel (D:4)
  A wyvern (D:8)
  4 water moccasins (D:8)
  2 orc warriors (D:5)
  An ice beast (D:8)
  A hornet zombie (D:6)
  3 black bears (D:8)
  2 necrophages (D:8)
  2 sky beasts
  3 ogres
  3 centaurs
  3 lemures (D:4)
  2 phantoms
  4 kobold brigands
  A wyvern zombie (D:6)
  3 bullfrogs (D:8)
  4 scorpions
  2 water moccasin zombies
  2 wyvern skeletons (D:6)
  A water moccasin skeleton (D:6)
  4 wights (D:8)
  5 centaur zombies
  2 bullfrog zombies
  4 hounds
  2 jellies
  3 orc priests
  2 centaur skeletons (D:6)
  Ijyb (D:3)
  An iguana (D:6)
  8 orc wizards
  A scorpion zombie (D:5)
  A killer bee zombie (D:7)
  7 adders
  A howler monkey skeleton (D:6)
  A shadow imp (D:8)
  2 white imps (D:6)
  2 ufetubi (D:4)
  2 worms
  2 dart slugs
  42 orcs
  6 ball pythons
  2 bats (D:3)
  6 endoplasms
  A giant cockroach (D:2)
  11 goblins
  9 hobgoblins
  12 jackals
  2 quokkas (D:2)
  5 frilled lizards
  19 kobolds
  3 rats
214 creatures vanquished.

Vanquished Creatures (others)
  26 fungi (D:8)
  44 plants (D:8)
  6 withered plants (D:6)
76 creatures vanquished.

Grand Total: 290 creatures vanquished

Notes
Turn   | Place    | Note
-------+----------+-------------------------------------------
     0 | D:5      | exoticbruise the Octopode Delver began the quest for the
                  | Orb.
     0 | D:5      | Reached XP level 1. HP: 16/16 MP: 1/1
    11 | D:6      | Noticed a kobold brigand
    96 | D:4      | Noticed Pikel
    96 | D:4      | Noticed a lemure
    96 | D:4      | Noticed a lemure
    96 | D:4      | Noticed a lemure
   138 | D:5      | Noticed a water moccasin zombie
   154 | D:5      | Found Zin's Purification Station.
   155 | D:5      | Found a glowing silver altar of Zin.
   184 | D:4      | Noticed an orc priest
   204 | D:4      | Reached XP level 2. HP: 8/21 MP: 2/2
   397 | D:4      | Found a hide-covered altar of Uskayaw.
   464 | D:4      | Reached XP level 3. HP: 24/27 MP: 3/3
   739 | D:4      | Became a worshipper of Uskayaw the Reveller
   832 | D:4      | Reached * piety under Uskayaw
   834 | D:4      | Reached XP level 4. HP: 13/34 MP: 1/4
  1054 | D:4      | Noticed a lemure
  1061 | D:3      | Learned a level 1 spell: Animate Skeleton
  1115 | D:3      | Noticed Ijyb
  1124 | D:3      | Reached ** piety under Uskayaw
  1126 | D:3      | Killed Ijyb
  1127 | D:3      | Reached skill level 1 in Invocations
  1127 | D:3      | Reached *** piety under Uskayaw
  1450 | D:3      | Found a large runed translucent door.
  1450 | D:3      | Found a large runed translucent door.
  1450 | D:3      | Noticed kuniqs's ghost (amateur DsCj)
  1630 | D:3      | Reached XP level 5. HP: 38/38 MP: 4/6
  1669 | D:3      | Reached skill level 5 in Fighting
  2847 | D:2      | Reached skill level 1 in Maces & Flails
  3423 | D:1      | Learned a level 3 spell: Call Canine Familiar
  3763 | D:1      | Found a faded altar of an unknown god.
  3866 | D:4      | Noticed an ogre
  3876 | D:4      | Killed a lemure
  3879 | D:4      | Killed an ogre
  3880 | D:4      | Reached skill level 3 in Dodging
  3880 | D:4      | Reached XP level 6. HP: 18/45 MP: 2/7
  4225 | D:4      | Killed Pikel
  4226 | D:4      | Reached skill level 6 in Dodging
  4226 | D:4      | Reached XP level 7. HP: 27/50 MP: 2/9
  4880 | D:4      | Reached skill level 7 in Dodging
  4880 | D:4      | Reached XP level 8. HP: 35/55 MP: 5/10
  5478 | D:4      | Found a hide-covered altar of Uskayaw.
  5706 | D:4      | Learned a level 3 spell: Vampiric Draining
  6368 | D:5      | Found a runed translucent door.
  6721 | D:6      | Found a staircase to the Ecumenical Temple.
  6815 | D:6      | Found a radiant altar of Vehumet.
  6835 | D:6      | Reached **** piety under Uskayaw
  7182 | D:5      | Reached skill level 8 in Dodging
  7182 | D:5      | Reached XP level 9. HP: 45/63 MP: 7/11
  7346 | D:6      | Found a transporter.
  7920 | Temple   | Entered the Ecumenical Temple
  8407 | D:6      | Found a transporter.
  9118 | D:7      | Reached skill level 5 in Maces & Flails
  9477 | D:7      | Identified the ring of Jynal {Will+ EV+4}
 10139 | D:8      | Found a staircase to the Lair.
 10297 | D:8      | Reached skill level 9 in Dodging
 10559 | D:8      | Reached XP level 10. HP: 45/73 MP: 9/12
 10767 | D:8      | Reached skill level 1 in Necromancy
 10803 | D:8      | Reached skill level 1 in Spellcasting
 10807 | D:8      | Reached ***** piety under Uskayaw
 11122 | D:8      | Found a glowing golden altar of the Shining One.
 11636 | D:5      | Bought a potion of curing for 90 gold pieces
 12355 | D:9      | HP: 2/73 [something (2)]
 12357 | D:8      | Killed from afar by a vampire

Illustrated notes

Levels and vault maps discovered:
D:1:      amcnicky_arrival_double_pillar, layout_loops_ring,
          hellmonk_ecumenical_altar_run_dry
D:2:      layout_loops_ring
D:3:      layout_basic, ebering_ghost_disaster_area, uniq_ijyb
D:4:      cheibrodos_pilgrimage, layout_rooms, overflow_temple_1_default,
          nicolae_ossuary_entry_monument, minmay_cut_off, uniq_pikel
D:5:      layout_gridville, zin_purify, lightli_church_of_beogh
D:6:      gammafunk_steamed_eel, layout_loops_ring, minmay_temple_entry_waves,
          serial_undead, serial_undead_f, serial_undead_b, serial_undead_d,
          serial_undead_f, minmay_ruined_shrine
D:7:      layout_loops_corners
D:8:      layout_gridville, kennysheep_mini_moat, due_lair_maze_entry_diamond
D:9:      layout_basic, old_standard_altar, nicolae_qazlal_style_of_elements,
          okawaru_trees_2, nicolae_overflow_crystal_walls, uniq_joseph
Temple:   regret_index_temple_generic_petals

Skill      XL: |  1  2  3  4  5  6  7  8  9 10 |
---------------+-------------------------------+-----
Fighting       | 4 5 6 8 |  8.4
Invocations    | 1 2 3 |  3.0
Maces & Flails | 2 3 6 7 |  7.6
Dodging        | 3 6 7 8 9 |  9.5
Necromancy     | 2 |  2.0
Spellcasting   | 2 |  2.3
Short Blades   | |  2.0
Stealth        | |  6.6

Action                   |  1- 3 |  4- 6 |  7- 9 | 10-12 || total
-------------------------+-------+-------+-------+-------++-------
Melee: Short sword       |    42 |    12 |       |       ||    54
       Tentacles         |    14 |    16 |    60 |    41 ||   131
       Constrict         |    11 |    27 |    45 |    32 ||   115
       Club              |       |    15 |       |       ||    15
       Flail             |       |    83 |   216 |   138 ||   437
       Whip              |       |       |     2 |       ||     2
 Fire: Hunting sling     |       |       |    29 |       ||    29
Throw: Throwing net      |     1 |     1 |       |     1 ||     3
       Dart              |       |    13 |     4 |    11 ||    28
 Cast: Animate Skeleton  |       |       |       |     3 ||     3
Invok: Stomp             |       |       |       |     1 ||     1
Evoke: Wand              |     2 |       |       |     6 ||     8
  Use: Scroll            |     1 |     1 |     5 |     2 ||     9
       Potion            |       |       |     1 |     1 ||     2
 Stab: Held in net/web   |     1 |       |       |       ||     1
       Distracted        |       |     2 |     2 |     1 ||     5
       Sleeping          |       |    22 |     4 |       ||    26
       Paralysed         |       |       |     5 |     5 ||    10
Armor: Skin              |       |     3 |    14 |     3 ||    20
Dodge: Dodged            |    29 |    62 |   247 |   139 ||   477

Table legend: (Time is in decaauts)
 A = Elapsed time spent in this place.
 B = Non-inter-level travel time spent in this place.
 C = Inter-level travel time spent in this place.
 D = Time resting spent in this place.
 E = Time spent auto-exploring this place.
 F = Levels seen in this place.
 G = Mean time per level.
                   A        B        C        D        E       F      G
               +--------+--------+--------+--------+--------+-----+--------+
         Total |  12449 |  11837 |    612 |   3375 |   6402 |  10 | 1244.9 |
       Dungeon |  12050 |  11438 |    612 |   2995 |   6402 |   9 | 1338.9 |
        Temple |    398 |    398 |      0 |    380 |      0 |   1 |  398.0 |
               +--------+--------+--------+--------+--------+-----+--------+

Top non-repeatable levels by time:
     D:4: 2575 daAuts
     D:5: 2113 daAuts
     D:6: 1647 daAuts
     D:8: 1464 daAuts
     D:7: 1296 daAuts
     D:3: 1161 daAuts
     D:2: 1098 daAuts
     D:1: 684 daAuts
  Temple: 398 daAuts
     D:9: 10 daAuts
